 Dungeon Crawl Stone Soup version 0.25.0-9-g26727b657a (webtiles) character file.

Game seed: 6438764243821099238

628 raph the Changer (level 7, -7/52 HPs)
             Began as a Yellow Draconian Transmuter on June 17, 2020.
             Was a Believer of Dithmenos.
             Mangled by Menkaure (18 damage)
             ... on level 5 of the Dungeon.
             The game lasted 00:14:12 (5559 turns).

raph the Changer (Yellow Draconian Transmuter)      Turns: 5559, Time: 00:14:12

Health: -7/52      AC:  8    Str: 12    XL:     7   Next: 23%
Magic:  10/10      EV: 12    Int: 16    God:    Dithmenos [**....]
Gold:   312        SH:  0    Dex: 11    Spells: 2/10 levels left

rFire    + . .     SeeInvis .     - Unarmed
rCold    x . .     Gourm    .   (no shield)
rNeg     . . .     Faith    .   (armour unavailable)
rPois    .         Spirit   .   (helmet restricted)
rElec    .         Reflect  .   (no cloak)
rCorr    +         Harm     .   d - +0 pair of gloves
MR       .....     Rnd*Tele +   j - +0 pair of boots
Stlth    +.........             (no amulet)
HPRegen  0.17/turn              f - ring of fire
MPRegen  0.12/turn              m - ring of teleportation (curse)

@: mighty, appendage, marked, wreathed by umbra
A: spit acid, unfitting armour, horns 2, cold-blooded, acid resistance, AC +6
a: Breathe Acid, End Transformation, Shadow Step, Renounce Religion


You were on level 5 of the Dungeon.
You worshipped Dithmenos.
Dithmenos was pleased with you.
You were not hungry.
You had grown temporary horns.
You visited 1 branch of the dungeon, and saw 5 of its levels.

You collected 312 gold pieces.

Inventory:

Missiles
 a - 54 arrows
 g - 15 poisoned darts (quivered)
 r - 3 boomerangs
Armour
 d - a +0 pair of gloves (worn)
 j - a +0 pair of boots (worn)
Jewellery
 f - a ring of fire (left hand)
 m - a cursed ring of teleportation (right hand)
Wands
 p - a wand of flame (22)
Scrolls
 e - 3 scrolls of teleportation
 k - a scroll of remove curse {unknown}
 l - a scroll of magic mapping
 t - a scroll of amnesia
Potions
 b - 6 potions of curing
 h - a potion of lignification
 i - a potion of berserk rage {unknown}
 q - a potion of cancellation {unknown}
 s - a potion of heal wounds {unknown}
Comestibles
 c - 7 rations


   Skills:
 - Level 1.1 Fighting
 - Level 1.8 Dodging
 - Level 4.0 Unarmed Combat
 + Level 2.3 Spellcasting
 * Level 6.8 Transmutations
 - Level 2.5 Poison Magic
 - Level 0.7 Invocations


You had 2 spell levels left.
You knew the following spells:

 Your Spells              Type           Power        Failure   Level  Hunger
a - Beastly Appendage     Tmut           ###...       1%          1    #......
b - Sticks to Snakes      Tmut           ###.....     1%          2    ###....
c - Spider Form           Tmut/Pois      ###.......   9%          3    ###....
d - Blink                 Tloc           N/A          30%         2    ###....

Your spell library contained the following spells:

 Spells                   Type           Power        Failure   Level  Hunger
 Animate Skeleton         Necr           N/A          21%         1    #......
 Apportation              Tloc           #.....       21%         1    #......
 Corona                   Hex            #......      21%         1    #......
 Magic Dart               Conj           #...         21%         1    #......
 Summon Small Mammal      Summ           #...         21%         1    #......
 Call Imp                 Summ           #.......     30%         2    ###....
 Slow                     Hex            #.......     30%         2    ###....
 Blade Hands              Tmut           ###.......   32%         5    ######.
 Mephitic Cloud           Conj/Pois/Air  #.......     41%         3    ###....
 Ice Form                 Ice/Tmut       ##......     43%         4    #####..
 Conjure Flame            Conj/Fire      #.......     52%         3    ###....


Dungeon Overview and Level Annotations

Branches:
Dungeon (5/15)
 Temple: D:4-7

Altars:
Ashenzari
Dithmenos
Nemelex Xobeh
Okawaru
Wu Jian
Xom

Shops:
D:5 :

Annotations:
D:5 Menkaure


Innate Abilities, Weirdness & Mutations

You can spit globs of acid.
Your golden yellow scales are hard. (AC +6)
You cannot fit into any form of body armour.
You are cold-blooded and may be slowed by cold attacks.
You are resistant to acid. (rCorr)
You have a pair of horns on your head.


Message History

Confirm with . or Enter, or press ? or * to list all spells.
You grow a pair of large bovine horns.
You feel very mighty all of a sudden.
A crimson imp comes into view.
Menkaure hits you!
You barely miss Menkaure. Menkaure hits you.
You punch Menkaure!
Menkaure is moderately damaged.
Menkaure hits you!!
You barely miss Menkaure.
Menkaure is moderately damaged.
You punch Menkaure!
Menkaure is almost destroyed.
The crimson imp blinks!
Menkaure hits you!
* * * LOW HITPOINT WARNING * * *
You barely miss Menkaure. Your headbutt misses Menkaure.
Menkaure is almost destroyed.
The crimson imp summons a swarm of flies.
Menkaure hits you!!
You die...

# #.############...[....##
#####.# #####.........## ......#
##.....###..#### .######
#...........# .#
####...........# .#
##.....)........###
.######..##.............#######
.....................##.......#
.##########.ยง..M@5...##.......#
.# ###..........##.......# .#
..............##.......# .#
################.......### ..
#.........# .. #####..##.# .
##.##.# #.##.# #.##.#


You could see Menkaure and a crimson imp.

Vanquished Creatures
  A big kobold (D:4)
  A bullfrog (D:4)
  A scorpion (D:5)
  A vampire bat (D:3)
  2 crimson imps (D:5)
  A bullfrog zombie (D:5)
  A centaur zombie (D:5)
  A jelly (D:5)
  Jessica (D:2)
  A bullfrog skeleton (D:5)
  6 adders
  A shadow imp (D:4)
  An adder skeleton (D:4)
  4 worms
  A dart slug (D:3)
  6 leopard geckos
  10 orcs
  12 bats
  6 giant cockroaches
  10 goblins
  11 hobgoblins
  4 jackals (D:4)
  10 kobolds
  5 quokkas
  5 frilled lizards
  A jackal zombie (D:5)
  4 rats
108 creatures vanquished.

Vanquished Creatures (others)
  A plant (D:4)
1 creature vanquished.

Grand Total: 109 creatures vanquished

Notes
Turn   | Place    | Note
-------+----------+-------------------------------------------
     0 | D:1      | raph the Draconian Transmuter began the quest for the Orb.
     0 | D:1      | Reached XP level 1. HP: 16/16 MP: 3/3
   336 | D:1      | Reached XP level 2. HP: 23/23 MP: 3/5
   637 | D:1      | Learned a level 2 spell: Sticks to Snakes
  1220 | D:2      | Reached XP level 3. HP: 27/28 MP: 6/6
  1320 | D:2      | Reached skill level 3 in Transmutations
  1432 | D:2      | Found an ornate altar of the Wu Jian Council.
  1432 | D:2      | Found a shadowy altar of Dithmenos.
  1442 | D:2      | Became a worshipper of Dithmenos the Shadowed
  1731 | D:2      | Noticed Jessica
  1739 | D:2      | Killed Jessica
  1739 | D:2      | Reached XP level 4. HP: 16/35 MP: 1/7
  2223 | D:3      | Found a shimmering altar of Xom.
  2227 | D:3      | Found a shattered altar of Ashenzari.
  2273 | D:3      | Found a sparkling altar of Nemelex Xobeh.
  2714 | D:3      | Reached skill level 4 in Transmutations
  2714 | D:3      | Reached XP level 5. HP: 37/40 MP: 8/8
  2776 | D:3      | Reached * piety under Dithmenos
  3185 | D:4      | Reached skill level 5 in Transmutations
  3550 | D:4      | Learned a level 3 spell: Spider Form
  3613 | D:4      | Reached XP level 6. HP: 28/47 MP: 7/9
  3916 | D:4      | Reached skill level 1 in Poison Magic
  4424 | D:5      | Entered Level 5 of the Dungeon
  4493 | D:5      | Reached skill level 6 in Transmutations
  4847 | D:5      | Your scales start taking on a golden yellow colour.
  4847 | D:5      | Reached XP level 7. HP: 46/52 MP: 10/10
  4847 | D:5      | Gained mutation: You are resistant to acid. (rCorr) [Yellow
                  | Draconian growth]
  4901 | D:5      | Found an iron altar of Okawaru.
  5128 | D:5      | Found Peomauc's Book Emporium.
  5258 | D:5      | Reached ** piety under Dithmenos
  5314 | D:5      | Learned a level 2 spell: Blink
  5549 | D:5      | Noticed Menkaure
  5559 | D:5      | Mangled by Menkaure

Illustrated notes

Levels and vault maps discovered:
D:1:      minmay_arrival_semitransparent, layout_basic
D:2:      layout_basic, chequers_temple_overflow_statue_of_worship, uniq_jessica
D:3:      layout_rooms, minitemple, lemuel_doored_altar, hex_intersection,
          kennysheep_small_spiral, roderic_batcave
D:4:      minmay_wonky_spiral, layout_basic, lexackson_kobold_supper
D:5:      layout_rooms, okawaru_altar_gauntlet_db, first_ration, serial_shops,
          nicolae_shop_stone, uniq_menkaure

Skill      XL: |  1  2  3  4  5  6 |
---------------+-------------------+-----
Transmutations | 3 4 5 6 |  6.8
Unarmed Combat | 4 |  4.0
Poison Magic   | 2 |  2.5
Fighting       | |  1.1
Dodging        | |  1.8
Spellcasting   | |  2.3
Invocations    | |  0.7

Action                   |  1- 3 |  4- 6 |  7- 9 || total
-------------------------+-------+-------+-------++-------
Melee: Unarmed           |   110 |   289 |   114 ||   513
       Headbutt          |     6 |    29 |     9 ||    44
       Punch             |     5 |     3 |     1 ||     9
       Kick              |    11 |     2 |       ||    13
       Tailslap          |     3 |    29 |    10 ||    42
 Cast: Beastly Appendage |    22 |    37 |    12 ||    71
       Sticks to Snakes  |     2 |     2 |       ||     4
  Use: Scroll            |       |     7 |     1 ||     8
       Potion            |       |       |     1 ||     1
  Eat: Chunk             |     3 |    11 |     3 ||    17
Armor: Skin              |    28 |   101 |    35 ||   164
Dodge: Dodged            |    72 |   203 |    78 ||   353
